 Dungeon Crawl Stone Soup version 0.22-a0-402-ga933591 (webtiles) character file.

94 namelastname112 the Skirmisher (level 4, -3/37 HPs)
             Began as a Draconian Wanderer on May 6, 2018.
             Killed by divine providence
             ... invoked by an orc priest
              (9 damage)
             ... on level 3 of the Dungeon.
             The game lasted 00:03:20 (1955 turns).

namelastname112 the Skirmisher (Draconian Wanderer) Turns: 1955, Time: 00:03:22

Health: -3/37      AC:  8    Str: 13 (14) XL:     4   Next: 38%
Magic:  7/7        EV: 11    Int: 12 (13) God:
Gold:   68         SH:  0    Dex:  8 (11) Spells: 7/7 levels left

rFire    . . .     SeeInvis .   k - +0 spear
rCold    . . .     Gourm    .   (no shield)
rNeg     . . .     Faith    .   (armour unavailable)
rPois    .         Spirit   .   (helmet restricted)
rElec    .         Reflect  +   n - +1 cloak
rCorr    .         Harm     .   h - +0 pair of gloves
MR       .....                  (no boots)
Stlth    ++........             a - +3 amulet of reflection
HPRegen  0.12/turn              j - ring of stealth
MPRegen  0.10/turn              (no ring)

@: confused, flying, very slightly contaminated
A: unfitting armour, cold-blooded, AC +5
a: no special abilities


You were on level 3 of the Dungeon.
You were not hungry.

You visited 1 branch of the dungeon, and saw 3 of its levels.

You collected 68 gold pieces.

Inventory:

Hand Weapons
 b - a +0 shortbow
 k - a +0 spear (weapon)
Missiles
 c - 13 arrows
Armour
 d - a +0 shield
 h - a +0 pair of gloves (worn)
 n - a +1 cloak (worn)
Jewellery
 a - a +3 amulet of reflection (around neck)
 j - a ring of stealth (left hand)
Scrolls
 g - 2 scrolls of remove curse {unknown}
 i - 2 scrolls of identify {unknown}
 m - a scroll of amnesia {unknown}
 o - a scroll of teleportation {unknown}
Potions
 l - a potion of magic
Comestibles
 f - 4 rations


   Skills:
 + Level 2.8 Fighting
 + Level 1.0 Polearms
 - Level 2.4 Bows
 + Level 2.5 Shields
 - Level 2.0 Spellcasting
   Level 2.0 Conjurations
   Level 1.0 Hexes
   Level 1.0 Evocations


You had 7 spell levels left.
You didn't know any spells.

Dungeon Overview and Level Annotations

Branches:
Dungeon (3/15)

Altars:
Ashenzari
Ru


Innate Abilities, Weirdness & Mutations

Your plain brown scales are hard. (AC +5)
You cannot fit into any form of body armour.
You are cold-blooded and may be slowed by cold attacks.


Message History

You closely miss something. Something hits you but does no damage.
You miss something. Something hits you but does no damage.
You hit something. You tail-slap something.
You hear some strange, mumbled words.
You are confused.
You're too confused to move!
You flicker back into view.
You hear some strange, mumbled words.
A puff of flame appears from out of thin air!
The puff of flame misses you.
You closely miss something.
Your tail-slap misses something.
You hear some strange, mumbled words.
Something tries to affect you, but you resist.
You're too confused to move!
Something hits you but does no damage.
You completely miss something.
Your tail-slap misses something.
Something hits you.
* * * LOW HITPOINT WARNING * * *
The orc priest invokes the aid of Beogh against you.
Beogh smites you!
You die...

#........# .........#
.........# ....))...#
...).##### .....#######
.#o.........
.#...##################
.##..####....oo.@.....#
.##oo##.......o######.#
####.##........# #.#
#o#.........# #.#
#.#.........# #.#
#.#.........# #.#
#...........######.#
#.##...............#
#>##........########


You could see an orc priest and 2 orcs.

Vanquished Creatures
  3 adders
  2 dart slugs
  3 leopard geckos
  2 orcs (D:3)
  2 giant cockroaches (D:2)
  5 goblins
  9 hobgoblins
  5 jackals (D:1)
  2 ball pythons
  4 bats
  A frilled lizard (D:1)
  3 kobolds
  4 rats
45 creatures vanquished.

Vanquished Creatures (others)
  An adder (D:3)
1 creature vanquished.

Grand Total: 46 creatures vanquished

Notes
Turn   | Place    | Note
-------+----------+-------------------------------------------
     0 | D:1      | namelastname112 the Draconian Wanderer began the quest for the Orb.
     0 | D:1      | namelastname112 set off with: a +0 shortbow, 26 arrows, a +0 shield, a ration
     0 | D:1      | Reached XP level 1. HP: 16/16 MP: 3/3
   191 | D:1      | Reached XP level 2. HP: 23/23 MP: 5/5
   386 | D:1      | Found a shattered altar of Ashenzari.
   659 | D:1      | Reached XP level 3. HP: 29/29 MP: 6/6
  1286 | D:2      | Found a sacrificial altar of Ru.
  1655 | D:3      | Reached XP level 4. HP: 23/37 MP: 7/7
  1947 | D:3      | Reached skill level 1 in Polearms
  1955 | D:3      | Killed from afar by an orc priest

Vault maps used:
D:1:      dpeg_arrival_boxes_within_box, evilmike_ruin_ashenzari
D:2:      nicolae_overflow_crystal_walls
D:3:      nicolae_ru_awakened_eye

Skill      XL: |  1  2  3  4 |
---------------+-------------+-----
Bows           | 2 |  2.4
Fighting       | 2 |  2.8
Shields        | 2 |  2.5
Polearms       | 1 |  1.0
Spellcasting   | |  2.0
Conjurations   | |  2.0
Hexes          | |  1.0
Evocations     | |  1.0

Action                   |  1- 3 |  4- 6 || total
-------------------------+-------+-------++-------
Melee: Spear             |    67 |    45 ||   112
       Tailslap          |     5 |     5 ||    10
 Fire: Shortbow          |    75 |       ||    75
  Use: Potion            |       |     4 ||     4
 Stab: Sleeping          |     3 |       ||     3
       Distracted        |     1 |       ||     1
       Invisible         |       |     1 ||     1
  Eat: Chunk             |     2 |     1 ||     3
Armor: Skin              |    34 |    18 ||    52
Dodge: Dodged            |    43 |    32 ||    75
Block: Other             |     5 |     6 ||    11

Table legend:
 A = Spawn XP
 B = Non-spawn XP
 C = Spawn XP percentage of total XP
 D = Spawn monster count
 E = Non-spawn monster count
 F = Spawn count percentage of total count
 G = Total turns spent on level
                    A         B        C        D         E        F      G
               +---------+---------+-------+---------+---------+-------+---------
         Total |       0 |     135 |   0.0 |       0 |      46 |   0.0 |  1955
               +---------+---------+-------+---------+---------+-------+---------
           D:1 |       0 |      44 |   0.0 |       0 |      23 |   0.0 |   991
           D:2 |       0 |      52 |   0.0 |       0 |      15 |   0.0 |   654
           D:3 |       0 |      39 |   0.0 |       0 |       8 |   0.0 |   310
               +---------+---------+-------+---------+---------+-------+---------
